 Dungeon Crawl Stone Soup version 0.19.1-1-g22dce08 (webtiles) character file.

5282 Jannitor the Martial Artist (level 10, -1/79 HPs)
             Began as a Demonspawn Monk on Jan 4, 2017.
             Was a Believer of Uskayaw.
             Slain by a gnoll sergeant
             ... wielding a +0 halberd
              (13 damage)
             ... in a bailey.
             The game lasted 00:28:31 (12051 turns).

Jannitor the Martial Artist (Demonspawn Monk)      Turns: 12051, Time: 00:28:32

Health: -1/79      AC:  2    Str: 11    XL:     10   Next: 37%
Magic:  12/12      EV: 19    Int: 11    God:    Uskayaw [**....]
Gold:   546        SH:  0    Dex: 18    Spells: 0 memorised, 9 levels left

rFire  . . .     SeeInvis .       - Unarmed
rCold  . . .     Gourm    .     a - +0 robe
rNeg   . . .     Faith    .     (no shield)
rPois  +         Spirit   .     (helmet unavailable)
rElec  .         Reflect  .     (no cloak)
rCorr  .         Harm     .     (no gloves)
MR     .....                    (no boots)
Stlth  ++........               j - amulet of magic regeneration
                                v - +2 ring of evasion
                                B - ring of poison resistance

@: no status effects
A: claws 2, hooves 1, horns 3, mutation resistance 1, weak 1, rot immunity
a: Stomp, Line Pass, Renounce Religion


You were in a bailey.
You worshipped Uskayaw.
Uskayaw was noncommittal.
You were not hungry.

You visited 2 branches of the dungeon, and saw 11 of its levels.
You also visited: Bailey.

You collected 546 gold pieces.

Inventory:

Hand Weapons
 s - a +2 dagger of venom
Missiles
 E - a poisoned tomahawk (quivered)
Armour
 a - a +0 robe (worn)
Jewellery
 h - an uncursed ring of positive energy
 j - an amulet of magic regeneration (around neck)
 v - a +2 ring of evasion (right claw)
 A - an uncursed ring of see invisible
 B - a ring of poison resistance (left claw)
Wands
 o - a wand of disintegration (5/24)
 y - a wand of paralysis (18/24)
 H - a wand of digging (12/24)
Scrolls
 c - a scroll of magic mapping
 e - a scroll of immolation
 g - 5 scrolls of teleportation
 k - a scroll of amnesia
 l - 5 scrolls of identify
 q - 4 scrolls of recharging
 x - 2 scrolls of fog {unknown}
 z - 5 scrolls of enchant weapon
 C - a scroll of fear {unknown}
 D - 2 scrolls of enchant armour {unknown}
Potions
 i - 2 potions of magic
 n - a potion of mutation
 p - a potion of brilliance
 r - a potion of curing
 w - 3 potions of flight
Comestibles
 b - 2 bread rations
 d - 4 meat rations
 f - 5 chunks of flesh
 m - a beef jerky
 t - 2 slices of pizza
 u - 3 fruits


   Skills:
 + Level 7.5 Fighting
 + Level 5.3 Throwing
 + Level 7.0 Dodging
 - Level 1.7 Stealth
 * Level 9.4 Unarmed Combat
 + Level 3.8 Invocations


You had 9 spell levels left.
You didn't know any spells.

Dungeon Overview and Level Annotations

Branches:
Dungeon (10/15)            Temple (1/1) D:5            Lair (0/6) D:10
    Orc (0/2) D:10

Altars:
Ashenzari
Cheibriados
Dithmenos
Elyvilon
Fedhas
Gozag
Hepliaklqana
Kikubaaqudgha
Makhleb
Nemelex Xobeh
Okawaru
Qazlal
Ru
Sif Muna
Trog
Uskayaw
Vehumet
Xom
Yredelemnul
Zin
The Shining One

Annotations:
D:3 1 runed door, exclusions: orc and orc priest, Sigmund


Innate Abilities, Weirdness & Mutations

You have very sharp fingernails.
You have large cloven feet.
You have a pair of large horns on your head.
You are immune to rotting.
You are somewhat resistant to further mutation.
You are weak. (Str -2)


Message History

Unknown command.
You tear a large gash into the net.
The gnoll sergeant hits you from afar with a halberd!
The gnoll hits you from afar with a halberd!
You struggle against the net.
The gnoll hits you from afar with a trident.
The gnoll sergeant hits you from afar with a halberd.
* * * LOW HITPOINT WARNING * * *
Unknown command.
You struggle against the net.
The gnoll barely misses you.
The gnoll hits you from afar with a trident!
* * * LOW HITPOINT WARNING * * *
Unknown command.
Okay, then.
Unknown command.
Evoke which item? (* to show all) (? for menu, Esc to quit)
Okay, then.
You rip the net and break free!
The gnoll sergeant hits you from afar with a halberd!
You die... ♣≈ .....g. ≈♣ ♣≈ ..(.. ≈♣ ♣≈ ... ≈♣ ♣≈ ##(## ≈♣ ♣≈ #.(.# ≈♣ ♣≈## #...# ##≈♣ ♣≈.# #ggg#

#.≈♣
♣≈.######'''######.≈♣
♣≈........@........≈♣
♣≈≈.....).........≈≈♣
♣♣≈≈≈≈≈≈≈).)≈≈≈≈≈≈≈♣♣
♣♣...............♣♣
♣♣♣...........♣♣♣
♣♣.......♣♣♣♣
♣♣♣♣.∩.♣♣ ♣♣.♣♣ ♣.♣


You could see a gnoll sergeant and 2 gnolls.

Vanquished Creatures
  A hill giant (D:10)
  The ghost of BoredOne the Grappler, a novice TrTm of Cheibriados (D:7)
  A hippogriff (D:8)
  2 two-headed ogres
  Duvessa (D:7)
  2 orc warriors (D:10)
  2 necrophages
  4 ogres
  A phantom (D:4)
  2 black bears
  3 ice beasts
  3 centaurs (D:7)
  2 bullfrogs (D:9)
  A gnoll sergeant (Bailey)
  Dowan (D:7)
  4 killer bees (D:7)
  3 howler monkeys
  5 crimson imps
  A gnoll shaman (Bailey)
  2 hounds (Bailey)
  3 jellies
  7 orc priests
  A centaur skeleton (D:5)
  2 iguanas
  14 orc wizards
  5 worker ants
  A killer bee zombie (D:9)
  A howler monkey zombie (D:8)
  A worker ant zombie (D:7)
  Robin (D:4)
  9 gnolls
  10 adders
  A shadow imp (D:8)
  An ooze (D:8)
  2 adder skeletons
  A dart slug (D:1)
  5 leopard geckos
  39 orcs
  8 giant cockroaches
  19 goblins
  10 hobgoblins
  8 jackals
  5 quokkas
  3 ball pythons
  11 bats
  10 frilled lizards
  4 kobolds
  2 leopard gecko skeletons (D:5)
  A leopard gecko zombie (D:5)
  A quokka zombie (D:5)
  8 rats
236 creatures vanquished.

Vanquished Creatures (others)
  A fungus (D:3)
1 creature vanquished.

Grand Total: 237 creatures vanquished

Notes
Turn   | Place    | Note
-------+----------+-------------------------------------------
     0 | D:1      | Jannitor the Demonspawn Monk began the quest for the Orb.
     0 | D:1      | Reached XP level 1. HP: 18/18 MP: 1/1
   257 | D:1      | Gained mutation: You have sharp fingernails. [demonic ancestry]
   257 | D:1      | Reached XP level 2. HP: 19/24 MP: 2/2
   336 | D:1      | Reached skill level 3 in Unarmed Combat
  1270 | D:2      | Gained mutation: You have very sharp fingernails. [demonic ancestry]
  1270 | D:2      | Reached XP level 3. HP: 29/29 MP: 3/3
  1487 | D:2      | Found a bloodstained altar of Trog.
  1488 | D:2      | Found an iron altar of Okawaru.
  2260 | D:3      | Found a white marble altar of Elyvilon.
  2293 | D:3      | Noticed Sigmund
  2340 | D:3      | Reached XP level 4. HP: 37/37 MP: 4/4
  2911 | D:3      | Found a runed door.
  3416 | D:4      | Reached skill level 4 in Unarmed Combat
  3416 | D:4      | Gained mutation: You are immune to rotting. [demonic ancestry]
  3416 | D:4      | Reached XP level 5. HP: 35/42 MP: 5/5
  4014 | D:4      | Noticed a phantom
  4246 | D:4      | Killed a phantom
  4246 | D:4      | Gained mutation: You have a pair of small horns on your head. [demonic ancestry]
  4246 | D:4      | Reached XP level 6. HP: 39/48 MP: 6/6
  4344 | D:4      | Noticed Robin
  4367 | D:4      | Killed Robin
  4497 | D:4      | Reached skill level 5 in Unarmed Combat
  4681 | D:5      | Entered Level 5 of the Dungeon
  4829 | D:5      | Found a staircase to the Ecumenical Temple.
  4840 | Temple   | Entered the Ecumenical Temple
  5048 | D:5      | Found a glowing golden altar of the Shining One.
  5051 | D:5      | Found a hide-covered altar of Uskayaw.
  5188 | D:5      | Reached XP level 7. HP: 40/55 MP: 7/7
  5940 | D:5      | Reached skill level 1 in Throwing
  6480 | D:6      | Reached skill level 5 in Fighting
  6520 | D:6      | Reached skill level 6 in Unarmed Combat
  7217 | D:5      | Became a worshipper of Uskayaw the Reveler
  7217 | D:5      | Reached * piety under Uskayaw
  7349 | D:7      | Reached ** piety under Uskayaw
  7473 | D:7      | Gained mutation: You have large cloven feet. [demonic ancestry]
  7473 | D:7      | Reached XP level 8. HP: 27/63 MP: 8/8
  7752 | D:7      | Noticed BoredOne's ghost (novice TrTm)
  7874 | D:7      | Reached *** piety under Uskayaw
  7876 | D:7      | Killed BoredOne's ghost
  7876 | D:7      | Reached skill level 5 in Dodging
  7876 | D:7      | Reached skill level 7 in Unarmed Combat
  8049 | D:7      | Noticed Dowan
  8051 | D:7      | Noticed Duvessa
  8171 | D:7      | Killed Duvessa
  8173 | D:7      | Killed Dowan
  8173 | D:7      | Gained mutation: You have a pair of horns on your head. [demonic ancestry]
  8173 | D:7      | Reached XP level 9. HP: 55/69 MP: 5/9
  8877 | D:7      | Reached skill level 8 in Unarmed Combat
  8880 | D:7      | Reached **** piety under Uskayaw
  9228 | D:8      | Reached ***** piety under Uskayaw
  9264 | D:8      | Reached skill level 1 in Invocations
 10392 | D:8      | Found a burning altar of Makhleb.
 10395 | D:8      | Found a shimmering altar of Xom.
 10684 | D:9      | Reached skill level 9 in Unarmed Combat
 10822 | D:9      | Gained mutation: You have a pair of large horns on your head. [demonic ancestry]
 10822 | D:9      | Reached XP level 10. HP: 79/79 MP: 12/12
 11167 | D:9      | Found an ancient bone altar of Kikubaaqudgha.
 11234 | D:10     | Entered Level 10 of the Dungeon
 11266 | D:10     | Reached skill level 5 in Throwing
 11398 | D:10     | Noticed a hill giant
 11407 | D:10     | Killed a hill giant
 11441 | D:10     | Gained mutation: You are weak. (Str -2) [potion of mutation]
 11441 | D:10     | Gained mutation: You are somewhat resistant to further mutation. [potion of mutation]
 11663 | D:10     | Found a flagged portal.
 11676 | Bailey   | Entered a bailey
 12051 | Bailey   | Slain by a gnoll sergeant

Skill      XL: |  1  2  3  4  5  6  7  8  9 10 |
---------------+-------------------------------+-----
Unarmed Combat | 3 4 5 6 7 9 |  9.4
Dodging        | 3 4 5 6 7 |  7.0
Fighting       | 4 5 6 7 |  7.5
Throwing       | 2 3 4 5 |  5.3
Invocations    | 2 3 |  3.8
Stealth        | |  1.7

Action                   |  1- 3 |  4- 6 |  7- 9 | 10-12 || total
-------------------------+-------+-------+-------+-------++-------
Melee: Unarmed           |   176 |   195 |   305 |   102 ||   778
       Punch             |     2 |     4 |    10 |     5 ||    21
       Headbutt          |       |    15 |    62 |    14 ||    91
       Kick              |       |       |    70 |    34 ||   104
Throw: Tomahawk          |       |     2 |    22 |     9 ||    33
Invok: Line Pass         |       |       |     2 |     1 ||     3
       Stomp             |       |       |     2 |       ||     2
Evoke: Wand              |       |       |       |     2 ||     2
  Use: Potion            |     1 |     2 |    12 |     1 ||    16
       Scroll            |     1 |       |     7 |     4 ||    12
 Stab: Sleeping          |     7 |     2 |     3 |     2 ||    14
       Distracted        |     1 |     1 |     1 |       ||     3
       Paralysed         |       |       |    12 |     4 ||    16
       Confused          |       |       |       |     1 ||     1
  Eat: Chunk             |     5 |     8 |    15 |     5 ||    33
       Bread ration      |       |       |     1 |       ||     1
Armor: Robe              |    31 |    23 |    32 |     9 ||    95
Dodge: Dodged            |   107 |   117 |   222 |    97 ||   543
